[Event "*** SCC Grand Prix: Titled Tuesday Blitz"]
[Site "Chess.com"]
[Date "2020.08.11"]
[Round "6"]
[White "TST2014"]
[Black "The_Machine04"]
[Result "1-0"]
[WhiteElo "2528"]
[BlackElo "2259"]
[TimeControl "180+1"]
[EndTime "11:07:31 PDT"]
[Termination "TST2014 won on time"]

1. d4 d6 2. Nf3 Nf6 3. c4 g6 4. Nc3 Bf5 5. Ng5 Bg7 6. e4 Bd7 7. Be2 e5 8. d5 Na6 9. Rb1 h6 10.
Nf3 Nc5 11. Nd2 a5 12. b3 c6 13. Ba3 O-O 14. O-O Rc8 15. dxc6 Bxc6 16. Qc2 Ne6 17.
Nf3 Nd4 18. Qd3 Re8 19. Rfd1 Qe7 20. Bf1 Nd7 21. Nxd4 exd4 22. Nd5 Qxe4 23. Qxe4 Rxe4 24. Bxd6 Bxd5 25. cxd5 Ree8 26. Bb5 Red8 27. Be7 Nb6 28. Bxd8 Rxd8 29. Bc4 Nxd5 30. Bxd5 Rxd5 31. Rd3 b5 32. Rc1 a4 33. f4 axb3 34. axb3 Bf8 35. Kf2 Kg7 36.
Kf3 b4 37. Ke4 Rd7 38. g4 Be7 39. Rc4 Bf6 40. Rxb4 Re7+ 41. Kf3 Re1 42. Kg3 Rb1 43. h4 Rg1+ 44. Kh3 Rh1+ 45. Kg2 Rxh4 46. Kg3 Rh1 47.
g5 hxg5 48. fxg5 Rg1+ 49. Kf2 Rxg5 50. Rb7 Rf5+ 51. Ke2 g5 52. b4 1-0

[Event "*** SCC Grand Prix: Titled Tuesday Blitz"]
[Site "Chess.com"]
[Date "2020.08.11"]
[Round "6"]
[White "annamaja"]
[Black "dopolian"]
[Result "0-1"]
[WhiteElo "2262"]
[BlackElo "2533"]
[TimeControl "180+1"]
[EndTime "11:07:32 PDT"]
[Termination "dopolian won by checkmate"]

1. e4 d6 2. d4 Nf6 3. Nc3 g6 4.
Be2 Bg7 5. Be3 O-O 6. Qd2 e5 7. O-O-O exd4 8. Bxd4 Nc6 9. Be3 Re8 10. f3 a6 11. h4 h5 12. Nh3 b5 13. Bg5 Ne5 14.
f4 Nc4 15. Bxc4 bxc4 16. e5 Bxh3 17. exf6 Bf5 18. fxg7 f6 19. Nd5 fxg5 20. hxg5 Kxg7 21. Qd4+ Kf7 22. Ne3 Qd7 23. g4 Bxg4 24. Qf6+ Kg8 25. Nd5 Qf7 26. Rde1 Be6 27. Qxf7+ Kxf7 28. Nxc7 Rac8 29.
Nxe8 Rxe8 30. Re3 Bd5 31. Rxe8 Kxe8 32. Re1+ Kf7 33. Kd2 h4 34. Re2 h3 35. Rh2 Bg2 36. Ke3 Ke6 37. Kf2 Kf5 38. Kg3 d5 39. c3 a5 40.
Rxg2 hxg2 41. Kxg2 Kxf4 42. b4 axb4 43. cxb4 c3 44. b5 c2 45. b6 c1=Q 46. b7 Qb2+ 47. Kh3 Qxb7 48. Kh4 Qh7# 0-1

[Event "*** SCC Grand Prix: Titled Tuesday Blitz"]
[Site "Chess.com"]
[Date "2020.08.11"]
[Round "6"]
[White "ural58"]
[Black "secretsuperstar7"]
[Result "1-0"]
[WhiteElo "2521"]
[BlackElo "2127"]
[TimeControl "180+1"]
[EndTime "11:07:32 PDT"]
[Termination "ural58 won on time"]

1. e4 c5 2. b3 g6 3. Bb2 Nf6 4.
Qf3 d6 5. Bb5+ Bd7 6. Bxf6 exf6 7. Bxd7+ Nxd7 8. Qd3 Ne5 9. Qb5+ Qd7 10. Qxd7+ Kxd7 11. Nc3 Bg7 12. Nge2 Rhe8 13. O-O-O Nc6 14. Rhe1 a6 15. a4 Rab8 16. Nf4 b5 17. Nfd5 bxa4 18. Nxa4 Nb4 19. Ndc3 c4 20. bxc4 Rec8 21. d3 Bh6+ 22. Re3 Nc6 23. Kd2 Ne5 24. h3 Bxe3+ 25. fxe3 h5 26.
Ra1 Rc6 27. Nd5 Ke6 28. Nac3 f5 29. exf5+ gxf5 30. Nf4+ Kf6 31. Nxh5+ Kg5 32. Nf4 Kh4 33. Nfe2 Ng6 34. Ra4 Kg5 35. Nd5 Nh4 36. g3 Nf3+ 37. Kc1 Rc5 38. Rxa6 Rb7 39. Nec3 Rc8 40. Rxd6 Ra8 41.
Kd1 Ra1+ 42. Ke2 Ng1+ 43. Kf2 Nxh3+ 44. Kg2 Ng1 45. Nf4 Rb2 46. Nce2 Rxc2 47. Nh3+ 1-0

[Event "*** SCC Grand Prix: Titled Tuesday Blitz"]
[Site "Chess.com"]
[Date "2020.08.11"]
[Round "6"]
[White "Tashik"]
[Black "Natalya_Buksa"]
[Result "1-0"]
[WhiteElo "2391"]
[BlackElo "2474"]
[TimeControl "180+1"]
[EndTime "11:07:33 PDT"]
[Termination "Tashik won by resignation"]

1. d4 d5 2. Nf3 e6 3. e3 Nf6 4. Bd3 c5 5. b3 Nc6 6. a3 Be7 7. O-O O-O 8. Bb2 b6 9. Nbd2 Bb7 10. Ne5 Nxe5 11. dxe5 Ne4 12. Nxe4 dxe4 13. Bc4 Qxd1 14. Raxd1 Rad8 15. a4 a6 16. Rfe1 g5 17. Kf1 Kg7 18. Ke2 Kg6 19. f3 h5 20. Rf1 Rxd1 21. Rxd1 Rd8 22. Rxd8 Bxd8 23. fxe4 Bxe4 24. Bxa6 Bxg2 25. Bd3+ Kh6 26. e4 g4 27. Bc1+ Bg5 28. Bxg5+ Kxg5 29. c3 Kf4 30. b4 cxb4 31. cxb4 Bxe4 32. Bxe4 Kxe4 33. a5 bxa5 34. bxa5 Kd5 35. Ke3 h4 36. Kf4 g3 37. hxg3 h3 38. Kf3 Kc5 39. g4 Kb5 40. Kg3 Kxa5 41. Kxh3 Kb5 42. Kh4 Kc6 43. Kg5 Kd7 44.
Kf6 Ke8 45. g5 Kf8 46. g6 fxg6 47. Kxg6 Ke7 48. Kg7 Ke8 49. Kf6 Kd7 50. Kf7 Kd8 51.
Kxe6 Ke8 52. Kd6 Kd8 53. e6 Ke8 54. e7 Kf7 55. Kd7 1-0

[Event "*** SCC Grand Prix: Titled Tuesday Blitz"]
[Site "Chess.com"]
[Date "2020.08.11"]
[Round "6"]
[White "Bigfish1995"]
[Black "Bulldog167"]
[Result "0-1"]
[WhiteElo "2956"]
[BlackElo "2736"]
[TimeControl "180+1"]
[EndTime "11:07:34 PDT"]
[Termination "Bulldog167 won on time"]

1. d4 Nf6 2. c4 e6 3. Nf3 c5 4. d5 exd5 5. cxd5 d6 6. Nc3 g6 7. e4 a6 8. a4 Bg4 9. Be2 Bxf3 10. Bxf3 Bg7 11. O-O Nbd7 12. Bf4 Qe7 13.
Qb3 O-O 14. Rfe1 Rab8 15. Be2 Ne8 16. g3 Nc7 17. a5 b5 18. axb6 Rxb6 19. Qc2 Rfb8 20. Ra2 Bd4 21. Kg2 Qf6 22. Rf1 h5 23. h4 Ne5 24. Bg5 Qg7 25. f3 Nd7 26. Bd2 Nb5 27.
Nxb5 axb5 28. Ra7 Ne5 29. b3 c4 30. Ba5 R6b7 31. Ra6 cxb3 32. Qxb3 Nc4 33. Bxc4 bxc4 34. Qxc4 Rb2+ 35. Kh3 g5 36. hxg5 f6 37. Qxd4 Qd7+ 38.
g4 hxg4+ 39. Kg3 Qh7 40. Qg1 fxg5 41. Kxg4 Qh4+ 42. Kf5 Qf4+ 43. Ke6 Qf7+ 0-1

[Event "*** SCC Grand Prix: Titled Tuesday Blitz"]
[Site "Chess.com"]
[Date "2020.08.11"]
[Round "6"]
[White "Fh2411"]
[Black "crossingthestreet"]
[Result "1-0"]
[WhiteElo "2563"]
[BlackElo "2399"]
[TimeControl "180+1"]
[EndTime "11:07:34 PDT"]
[Termination "Fh2411 won by checkmate"]

1. d4 Nf6 2. Nf3 d5 3. c4 e6 4. Nc3 Bb4 5. Bg5 h6 6. Bxf6 Qxf6 7. cxd5 exd5 8. Qb3 Nc6 9. e3 Be6 10. Bb5 O-O 11.
Bxc6 Bxc3+ 12. Qxc3 bxc6 13. O-O Rab8 14. Ne5 Bf5 15. Nxc6 Rb6 16. Ne5 Qd6 17. Rfc1 Rb7 18. b3 f6 19. Nd3 Bxd3 20. Qxd3 c6 21. Rc5 Rc7 22. Rac1 Rfc8 23. g3 Qe6 24. Qa6 g5 25. b4 Qd7 26. b5 cxb5 27. Qxf6 Rxc5 28. Rxc5 Rf8 29. Qxh6 Qf5 30. f4 Qb1+ 31. Kg2 Qe4+ 32. Kf2 gxf4 33. gxf4 Re8 34. Qg5+ Kh8 35. Qh5+ Kg8 36.
Qxd5+ Qxd5 37. Rxd5 Rb8 38. Rd7 a5 39. Ra7 a4 40. d5 Rc8 41. Rb7 Rc2+ 42. Kf3 Rc5 43.
Ke4 Kf8 44. Ke5 a3 45. f5 Rc2 46. Rxb5 Rxa2 47. e4 Rxh2 48. Ra5 a2 49. Ra7 Ke8 50. Ke6 Re2 51. Ra8# 1-0

[Event "*** SCC Grand Prix: Titled Tuesday Blitz"]
[Site "Chess.com"]
[Date "2020.08.11"]
[Round "6"]
[White "LiemLe"]
[Black "Vuk2000"]
[Result "0-1"]
[WhiteElo "2948"]
[BlackElo "2732"]
[TimeControl "180+1"]
[EndTime "11:07:35 PDT"]
[Termination "Vuk2000 won on time"]

1. c4 e5 2. Nc3 Nc6 3. Nf3 g6 4.
d4 exd4 5. Nxd4 Bg7 6. Nxc6 bxc6 7. g3 d6 8. Bg2 Ne7 9. Bg5 Bb7 10. c5 h6 11. cxd6 cxd6 12. Bf4 d5 13. O-O O-O 14.
Na4 Ba6 15. Rc1 Bb5 16. Nc3 Ba6 17. b3 Re8 18. Re1 Qa5 19. Na4 Bb5 20. Bd2 Qa6 21. Nc3 Qb6 22. h4 Nf5 23. Nxb5 Qxb5 24. e3 Rac8 25. Qc2 Rc7 26. Qc5 Qa6 27. Bxd5 Qxa2 28. Ba5 Rce7 29. Bxc6 Rc8 30. b4 Re6 31. Qd5 Qa3 32. Qf3 Ne7 33. Rcd1 Nxc6 34. Rd7 Ne5 35. Qb7 Rf8 36. Rc7 Qd3 37. Kg2 Qf5 38. Qd5 Ng4 39.
Qxf5 gxf5 40. Rd1 a6 41. Rd5 Ne5 42. Ra7 Rc8 43. Bc7 Ng6 44. Bf4 Ne7 0-1

[Event "*** SCC Grand Prix: Titled Tuesday Blitz"]
[Site "Chess.com"]
[Date "2020.08.11"]
[Round "6"]
[White "pedromartinez91"]
[Black "googlegoom"]
[Result "1-0"]
[WhiteElo "2570"]
[BlackElo "2396"]
[TimeControl "180+1"]
[EndTime "11:07:35 PDT"]
[Termination "pedromartinez91 won by resignation"]

1. d4 d5 2. c4 c6 3. Nf3 Nf6 4. Nc3 e6 5. Bg5 Be7 6. e3 a6 7. c5 Nbd7 8. Bd3 e5 9. Nxe5 Nxe5 10. dxe5 Nd7 11. Bxe7 Qxe7 12. b4 Nxe5 13. Ne2 Bg4 14. f3 Bh5 15. Nd4 Nxd3+ 16. Qxd3 Bg6 17. Qd2 O-O 18.
h4 h6 19. Kf2 Rfe8 20. g3 Qf6 21. Rhe1 Re7 22. a4 Kh8 23. b5 axb5 24. axb5 Rxa1 25. Rxa1 Bf5 26. Ra2 g5 27. hxg5 hxg5 28. bxc6 bxc6 29. Ra6 Bd7 30. Kg1 Kg7 31. Ra8 Re8 32. Rxe8 Bxe8 33.
Qc3 Bd7 34. Ne2 Qxc3 35. Nxc3 Kf6 36. Ne2 Ke5 37. g4 f5 38. gxf5 Bxf5 39. Nd4 Bd7 40. Kf2 Kf6 41. Kg3 Ke5 42. Kf2 Be8 43. Ke2 Bd7 44. Kd3 Kf6 45. Kc3 g4 46. fxg4 Kg5 47. Nf3+ Kf6 48. g5+ Kf5 49. Kd4 Be8 50. g6 Bxg6 51.
Nh4+ Kf6 52. Nxg6 Kxg6 53. Ke5 Kg5 54. Kd6 Kf5 55. Kxc6 Ke4 56. Kd6 d4 57. exd4 1-0

[Event "*** SCC Grand Prix: Titled Tuesday Blitz"]
[Site "Chess.com"]
[Date "2020.08.11"]
[Round "6"]
[White "gurelediz"]
[Black "Tekushka"]
[Result "1/2-1/2"]
[WhiteElo "2544"]
[BlackElo "2358"]
[TimeControl "180+1"]
[EndTime "11:07:35 PDT"]
[Termination "Game drawn by repetition"]

1. d4 Nf6 2. c4 e6 3. Nf3 b6 4. Nc3 Bb4 5. Bd2 Bb7 6. a3 Bxc3 7. Bxc3 Ne4 8. Qc2 O-O 9. e3 Nxc3 10. Qxc3 d6 11. Be2 Nd7 12. O-O Nf6 13. b4 Ne4 14. Qc2 Qe7 15. h3 c5 16. Rfd1 Rfd8 17. Bd3 f5 18. Rac1 Qf6 19. dxc5 bxc5 20. b5 Rf8 21. a4 Rad8 22. a5 Ng5 23. Nxg5 Qxg5 24. Bf1 f4 25.
exf4 Rxf4 26. a6 Ba8 27. Re1 e5 28. Qd2 Qf6 29. g3 Rd4 30. Qe2 Re4 31. Qd3 Rd4 32. Qe3 Re4 33. Qxe4 Bxe4 34. Rxe4 Rf8 35. Rc2 Qf3 36.
Re3 Qd1 37. Rcc3 Qd2 38. Rf3 Rxf3 39. Rxf3 e4 40. Re3 Qd4 41. b6 axb6 42. Ra3 Qb2 43. Ra4 Qb3 44. Ra1 Qb2 45. Ra4 Qb3 46. Ra1 Qb2 47.
Ra4 1/2-1/2

[Event "*** SCC Grand Prix: Titled Tuesday Blitz"]
[Site "Chess.com"]
[Date "2020.08.11"]
[Round "6"]
[White "Sanan_Sjugirov"]
[Black "VladimirBelous"]
[Result "1/2-1/2"]
[WhiteElo "2849"]
[BlackElo "2757"]
[TimeControl "180+1"]
[EndTime "11:07:36 PDT"]
[Termination "Game drawn by agreement"]

1. e4 c5 2. Nf3 Nc6 3. d4 cxd4 4.
Nxd4 e5 5. Nb3 Nf6 6. Bg5 Bb4+ 7.
c3 Be7 8. Bxf6 Bxf6 9. Na3 Be7 10. Nc4 O-O 11. Ne3 Bg5 12. Nd5 d6 13. h4 Bh6 14.
g3 f5 15. exf5 Bxf5 16. Bg2 Qd7 17. O-O Rae8 18. Qe2 Kh8 19. Ne3 e4 20. Nxf5 Qxf5 21. Rad1 d5 22. Nd4 Qg6 23. Nxc6 bxc6 24. Kh2 Re5 25.
f4 Ree8 26. c4 Rd8 27. cxd5 cxd5 28. Rd4 Qf5 29. Qd2 Rfe8 30. Qe3 g6 31. Bh3 Qf8 32.
Rfd1 Bg7 33. Rxd5 Rxd5 34. Rxd5 Bxb2 35. Bg2 Bg7 36. Bxe4 Qb4 37. Qd3 Qb2+ 38. Bg2 Qxa2 39. Rd8 Rxd8 40. Qxd8+ Qg8 41. Qxg8+ Kxg8 42. Bd5+ Kf8 43.
Kg2 Ke7 44. Kf3 h6 45. Be4 Kf6 46. Bc2 g5 47. hxg5+ hxg5 48. fxg5+ Kxg5 49. g4 Be5 50. Ba4 a5 51. Bc2 1/2-1/2

[Event "*** SCC Grand Prix: Titled Tuesday Blitz"]
[Site "Chess.com"]
[Date "2020.08.11"]
[Round "6"]
[White "Ind1anStar"]
[Black "tptagain"]
[Result "1/2-1/2"]
[WhiteElo "2522"]
[BlackElo "2906"]
[TimeControl "180+1"]
[EndTime "11:07:36 PDT"]
[Termination "Game drawn by repetition"]

1. c4 e5 2. g3 Nc6 3. Bg2 g6 4. Nc3 Bg7 5. d3 d6 6. Nf3 f5 7. O-O Nf6 8. Rb1 a5 9. a3 O-O 10. b4 axb4 11. axb4 Qe8 12. Nd2 Nd8 13. Bb2 Ne6 14.
Ra1 Rb8 15. Nd5 g5 16. e3 g4 17. f4 gxf3 18. Nxf3 c6 19. Nb6 Ng4 20. Qe2 Bh6 21. Nxc8 Rxc8 22. e4 f4 23. Nh4 Ne3 24. Rf3 Ng7 25.
gxf4 exf4 26. Bh3 Rc7 27. Kh1 Qh5 28. Ng2 Rcf7 29. Rg1 Bg5 30. Ne1 h6 31. Bxg7 Rxg7 32. Rxe3 f3 33. Rxf3 Rxf3 34. Qxf3 Qe8 35. Bf5 Qe5 36.
Qh5 Qe7 37. Nf3 Bf6 38. Rxg7+ Bxg7 39. Qg6 d5 40. c5 dxe4 41. dxe4 Qd8 42. Be6+ Kh8 43.
Bf5 Kg8 44. Qh7+ Kf8 45. Qg6 Kg8 1/2-1/2

[Event "*** SCC Grand Prix: Titled Tuesday Blitz"]
[Site "Chess.com"]
[Date "2020.08.11"]
[Round "6"]
[White "chenxiaoyuer"]
[Black "alfiefischer77"]
[Result "1-0"]
[WhiteElo "2458"]
[BlackElo "2284"]
[TimeControl "180+1"]
[EndTime "11:07:36 PDT"]
[Termination "chenxiaoyuer won by resignation"]

1. e4 c5 2. Nf3 e6 3. d4 cxd4 4. Nxd4 a6 5. Nc3 Qc7 6. Be2 b5 7. O-O Bb7 8. Re1 d6 9. Bf3 Nf6 10. a4 b4 11. Nd5 Nxd5 12. exd5 e5 13. a5 Be7 14. Nf5 O-O 15. Be4 g6 16. Qg4 Kh8 17. Bh6 Rg8 18. Nxe7 Qxe7 19. Bf3 Nd7 20. Qxb4 Rab8 21.
Qd2 f5 22. Bg5 Qf7 23. c4 Nc5 24. Qc3 Qg7 25. b4 Nd7 26. c5 e4 27. Qxg7+ Kxg7 28.
c6 Ne5 29. Be2 Bc8 30. b5 axb5 31. a6 Ra8 32. Bxb5 h6 33. Be7 Nf7 34. c7 g5 35. a7 Ne5 36. Bxd6 Kf6 37. Bxe5+ Kxe5 38. Bc6 Rxa7 39. Rxa7 Be6 40. Rb7 Bxd5 41. Rb8 Rg7 42. Rf8 Bxc6 43. c8=Q Rc7 44. Qxc7+ Kd5 45. Qxc6+ Kxc6 46. Rf6+ Kd5 47. Rxh6 Ke5 48. Rg6 Kf4 49. Rxg5 Kxg5 50. Re3 Kf6 51. Rg3 Ke5 52. Re3 f4 53. Ra3 Kd4 54. Kf1 e3 55. Ke1 exf2+ 56. Kxf2 Ke4 57. Ra4+ Kf5 58. Kf3 1-0

[Event "*** SCC Grand Prix: Titled Tuesday Blitz"]
[Site "Chess.com"]
[Date "2020.08.11"]
[Round "6"]
[White "Dedic8"]
[Black "PavelShkapenko"]
[Result "1/2-1/2"]
[WhiteElo "2821"]
[BlackElo "2661"]
[TimeControl "180+1"]
[EndTime "11:07:37 PDT"]
[Termination "Game drawn by repetition"]

1. e4 e5 2. Nf3 Nc6 3. Bb5 Bc5 4. O-O d6 5. c3 Bd7 6. d4 Bb6 7. Re1 Nge7 8. Be3 O-O 9. Nbd2 exd4 10. cxd4 d5 11. Rc1 dxe4 12. Nxe4 Nd5 13. Nc5 Bxc5 14. Rxc5 Nce7 15. Bd3 Bf5 16. Bg5 f6 17. Bh4 Bxd3 18.
Qxd3 c6 19. Bg3 Qd7 20. Rcc1 Rae8 21. Nd2 Ng6 22. Ne4 f5 23. Nc5 Qf7 24. Be5 Re7 25.
Qf3 Rfe8 26. Nd3 a5 27. Re2 Nb4 28. Nxb4 axb4 29. Rce1 f4 30. b3 Qd5 31. Qxd5+ cxd5 32. f3 Kf7 33. Kf2 Nxe5 34. dxe5 Rc8 35. Rd2 Ke6 36.
Ree2 Rec7 37. Rd4 Rc2 38. Rxb4 Rxe2+ 39. Kxe2 Rc2+ 40. Kf1 Rxa2 41. Rxf4 Kxe5 42. Rf7 Kd4 43. Rxg7 b5 44. Rxh7 Kc3 45. Rc7+ Kxb3 46. h4 d4 47. h5 d3 48. Rd7 Kc2 49. Rc7+ Kb3 50. Rd7 Kc2 51.
Rc7+ Kb3 1/2-1/2

[Event "*** SCC Grand Prix: Titled Tuesday Blitz"]
[Site "Chess.com"]
[Date "2020.08.11"]
[Round "6"]
[White "onnoelgersma"]
[Black "viktorskliarov"]
[Result "0-1"]
[WhiteElo "2423"]
[BlackElo "2583"]
[TimeControl "180+1"]
[EndTime "11:07:37 PDT"]
[Termination "viktorskliarov won by resignation"]

1. e4 c5 2. Nf3 Nc6 3. Bb5 e6 4. O-O Nge7 5. Re1 Nd4 6. Nxd4 cxd4 7. d3 a6 8. Ba4 b5 9. Bb3 Ng6 10. Nd2 Be7 11. Nf3 Qb6 12. a4 Bb7 13. axb5 axb5 14.
Rxa8+ Bxa8 15. Bd2 O-O 16. Qe2 f5 17. e5 Qc6 18. Ra1 Nh4 19. Nxh4 Bxh4 20. f3 Be7 21. Qf2 g5 22. Bxg5 Bxg5 23. Qg3 h6 24. h4 Kf7 25.
hxg5 Rg8 26. Qf4 Rxg5 27. Kf2 Kg6 28. Rh1 Qc5 29. Qh4 h5 30. Qf4 Bd5 31. Rc1 Bxb3 32. cxb3 Qb4 33. Rc2 Qxb3 34. Qd2 Qd5 35. Rc7 Qxe5 36.
Rxd7 Qe3+ 37. Qxe3 dxe3+ 38. Kxe3 Rxg2 39. Re7 Kf6 40.
Rh7 Ke5 41. Rxh5 Rxb2 42. f4+ Kd5 43. Rh7 b4 44. Rd7+ Kc6 45. Rc7+ Kxc7 0-1

[Event "*** SCC Grand Prix: Titled Tuesday Blitz"]
[Site "Chess.com"]
[Date "2020.08.11"]
[Round "6"]
[White "Matols"]
[Black "Caterpiller35"]
[Result "0-1"]
[WhiteElo "2212"]
[BlackElo "2409"]
[TimeControl "180+1"]
[EndTime "11:07:37 PDT"]
[Termination "Caterpiller35 won on time"]

1. d4 Nf6 2. c4 e6 3. g3 d5 4. Nf3 Be7 5. Bg2 O-O 6. O-O dxc4 7. Qc2 b6 8. Ne5 Qxd4 9. Bxa8 Qxe5 10. Bg2 Ba6 11.
Bf4 Qh5 12. h3 Nbd7 13. Na3 b5 14. Bxc7 Rc8 15. Bf4 Nd5 16. Bd2 c3 17. Be1 b4 18.
Rd1 cxb2 19. Qxb2 bxa3 20. Qb3 Qxe2 21. Ba5 Qb2 22. Rfe1 Qxb3 23. axb3 Bf6 24. Bxd5 exd5 25. Rxd5 Nf8 26. Bb4 a2 27. Ra5 a1=Q 28. Rexa1 Bxa1 29.
Rxa6 Bd4 30. Kg2 Ne6 31. Kf3 Rb8 32. Bd6 Rxb3+ 33. Ke4 Bc5 34. Rc6 Bxd6 35. Rxd6 a5 36.
Ra6 Rb4+ 37. Ke5 Rb5+ 38. Kd6 g6 0-1

[Event "*** SCC Grand Prix: Titled Tuesday Blitz"]
[Site "Chess.com"]
[Date "2020.08.11"]
[Round "6"]
[White "Khazieva_Elza"]
[Black "Murad_Ibrahimli"]
[Result "0-1"]
[WhiteElo "2344"]
[BlackElo "2698"]
[TimeControl "180+1"]
[EndTime "11:07:38 PDT"]
[Termination "Murad_Ibrahimli won on time"]

1. e4 c5 2. Nf3 d6 3. d3 Nc6 4. g3 g6 5. Bg2 Bg7 6. O-O e5 7. Nc3 Nge7 8. Nd2 O-O 9. Nc4 Be6 10. Nd5 Bxd5 11. exd5 Na5 12. Na3 a6 13. c4 Nf5 14.
Bd2 Nd4 15. Qa4 b6 16. Bxa5 bxa5 17. Nc2 Nxc2 18. Qxc2 f5 19. Qa4 Rb8 20. Rab1 Rb4 21. Qc6 Rb6 22. Qa4 Rb7 23. Qc6 Ra7 24. Rfe1 Rff7 25.
Qa4 Bf6 26. Bf3 Kg7 27. a3 Rfb7 28. b4 axb4 29. axb4 cxb4 30. Rxb4 Rxb4 31. Qxb4 a5 32. Qa4 Qb6 33. Qa2 a4 34. Rb1 Qd4 35. Qa3 Be7 36. Bd1 f4 37. Bxa4 fxg3 38. hxg3 h5 39. Qa1 Qxd3 40. Qa2 h4 41. Qb3 Qd4 42. gxh4 Bxh4 43.
Qe3 Qxe3 44. fxe3 Rxa4 45. Rb7+ Kf6 0-1

[Event "*** SCC Grand Prix: Titled Tuesday Blitz"]
[Site "Chess.com"]
[Date "2020.08.11"]
[Round "6"]
[White "blitzking1729"]
[Black "ShahMatKanal"]
[Result "0-1"]
[WhiteElo "2602"]
[BlackElo "2474"]
[TimeControl "180+1"]
[EndTime "11:07:38 PDT"]
[Termination "ShahMatKanal won on time"]

1. c4 e5 2. Nc3 Bb4 3. Nd5 Nc6 4. a3 Bf8 5. e3 d6 6. Nf3 g6 7. d4 Bg7 8. Be2 Nge7 9. O-O O-O 10. Nxe7+ Qxe7 11. Re1 a5 12. d5 Nb8 13. Bd2 Nd7 14. Bc3 a4 15. Rc1 Nc5 16. Nd2 f5 17. Bf1 e4 18.
Bxg7 Qxg7 19. Qc2 Bd7 20. Nb1 f4 21. Nc3 Rae8 22. Rcd1 f3 23. g3 g5 24. Rd4 Qg6 25. Rdd1 h5 26. Nb1 h4 27. Rd2 Rf7 28. Nc3 Ref8 29. Red1 hxg3 30. fxg3 f2+ 31. Kh1 Bg4 32. h3 Bf3+ 33. Kh2 Qh5 34. Rc1 Nd3 35. Rxd3 exd3 36.
Qxd3 Rh7 37. Qd4 Qf7 38. Rc2 Qf5 39. Rxf2 Rff7 40. Bg2 Rxh3+ 41. Bxh3 Rh7 42. Qh4 Rxh4 43. gxh4 g4 0-1

[Event "*** SCC Grand Prix: Titled Tuesday Blitz"]
[Site "Chess.com"]
[Date "2020.08.11"]
[Round "6"]
[White "TioCridineno"]
[Black "guillembaches"]
[Result "0-1"]
[WhiteElo "2209"]
[BlackElo "2402"]
[TimeControl "180+1"]
[EndTime "11:07:38 PDT"]
[Termination "guillembaches won on time"]

1. e4 c5 2. Nf3 d6 3. Bb5+ Bd7 4. Bxd7+ Qxd7 5. c4 e5 6. Nc3 Nc6 7. d3 Be7 8. Rb1 Bd8 9. a3 a5 10. Nd5 Nge7 11. Be3 O-O 12. h4 f5 13. Bg5 Nxd5 14. cxd5 Nd4 15. Nxd4 exd4 16. Qh5 fxe4 17. dxe4 Qb5 18.
f3 Qd3 19. Rd1 Qc2 20. Rd2 Qb1+ 21. Rd1 Qxb2 22. O-O Bxg5 23. hxg5 Rae8 24. Rb1 Qxa3 25. Rxb7 Qe3+ 26. Kh1 d3 27. Rd1 Qe2 28. Rbb1 c4 29. g6 h6 30. Qg4 Re7 31. Re1 Qc2 32. Rbc1 Qb3 33. Rb1 Qc2 34. Rec1 Qa2 35. Ra1 Qb3 36. Rab1 Qa4 37. Ra1 Qb5 38. Rab1 Qa6 39. Ra1 d2 40. Rd1 c3 41. Ra2 Qe2 0-1

[Event "*** SCC Grand Prix: Titled Tuesday Blitz"]
[Site "Chess.com"]
[Date "2020.08.11"]
[Round "6"]
[White "m_ezat"]
[Black "GM_Levan_Pantsulaia"]
[Result "0-1"]
[WhiteElo "2605"]
[BlackElo "2806"]
[TimeControl "180+1"]
[EndTime "11:07:42 PDT"]
[Termination "GM_Levan_Pantsulaia won on time"]

1. d4 Nf6 2. c4 c5 3. d5 g6 4. Nc3 Bg7 5. e4 O-O 6. Be2 e6 7. Bg5 d6 8. Qd2 exd5 9. exd5 Re8 10. Nf3 Bf5 11. O-O a6 12. Nh4 Bc8 13. h3 Nbd7 14. Nf3 Qc7 15. Rae1 b6 16. Bd3 Bb7 17. a4 Nh5 18. Ne4 f5 19. Nc3 Ne5 20. Nxe5 Bxe5 21.
g4 fxg4 22. hxg4 Ng7 23. f4 Bd4+ 24. Kg2 Qd7 25. Kg3 h5 26. f5 Re5 27. Ne4 Rf8 28. fxg6 Qxg4+ 29. Kh2 Rxg5 30. Rxf8+ Kxf8 31. Qxg5 Be5+ 32. Kh1 Qf3+ 33. Kg1 Bd4+ 34. Kh2 Qxd3 35. Qd8+ Ne8 36. g7+ Bxg7 37. Nxd6 Qd2+ 38. Kh3 Qxe1 39. Nf5 Qf1+ 40. Kg3 Qxf5 41. d6 Be5+ 0-1

[Event "*** SCC Grand Prix: Titled Tuesday Blitz"]
[Site "Chess.com"]
[Date "2020.08.11"]
[Round "6"]
[White "Kotofeyca"]
[Black "Thipsay"]
[Result "0-1"]
[WhiteElo "2290"]
[BlackElo "2480"]
[TimeControl "180+1"]
[EndTime "11:07:42 PDT"]
[Termination "Thipsay won by checkmate"]

1. d4 Nf6 2. c4 g6 3. f3 Bg7 4. e4 d6 5. Nc3 O-O 6. Be3 Nbd7 7. Nh3 a6 8. Qd2 c6 9. Be2 b5 10. b3 bxc4 11. bxc4 c5 12. d5 e5 13. dxe6 fxe6 14. O-O Ne5 15. Rfd1 Qa5 16. Rab1 Rd8 17. Nd5 Qxd2 18. Nxf6+ Bxf6 19. Rxd2 Nc6 20. Bf1 Nd4 21. Nf4 Kf7 22. Ne2 e5 23. Nc3 Be6 24. Rdb2 Rd7 25.
Rb6 Bd8 26. Rb7 Ra7 27. Rb8 Nc2 28. Bf2 Nb4 29. Rb2 Bc7 30. Rh8 Kg7 31. Rc8 Re7 32. Rxc7 Rexc7 33. a3 Nc6 34. Nd5 Rcb7 35. Rd2 Nd4 36.
Bxd4 cxd4 37. Bd3 Rb3 38. a4 Bxd5 39. exd5 Rc3 40. f4 Rb7 41. fxe5 dxe5 42. Kf2 Kf7 43.
Kf3 Ke7 44. Ke4 Kd6 45. Rf2 Rbb3 46. Rf6+ Kd7 47. c5 Rxd3 48. c6+ Ke7 49. Re6+ Kf7 50. c7 Re3# 0-1

[Event "*** SCC Grand Prix: Titled Tuesday Blitz"]
[Site "Chess.com"]
[Date "2020.08.11"]
[Round "6"]
[White "ketster"]
[Black "GAusal"]
[Result "1-0"]
[WhiteElo "2377"]
[BlackElo "2149"]
[TimeControl "180+1"]
[EndTime "11:07:42 PDT"]
[Termination "ketster won by resignation"]

1. d4 d5 2. c4 c6 3. Nf3 g6 4. g3 Bg7 5. Bg2 Nf6 6. b3 O-O 7.
Bb2 Bg4 8. Ne5 Bf5 9. O-O Nbd7 10. Nd2 Be6 11. Qc2 dxc4 12. bxc4 Nxe5 13. dxe5 Nd7 14. Nf3 Nb6 15. Rfd1 Qc7 16. c5 Nd5 17. e4 Nb4 18.
Qa4 a5 19. a3 Na6 20. Qc2 Rfd8 21. Qc3 Rxd1+ 22. Rxd1 Rd8 23. Rxd8+ Qxd8 24. h4 h5 25. Ng5 Qd1+ 26. Kh2 Qb3 27. Nxe6 Qxc3 28. Bxc3 fxe6 29. Bd4 Bh6 30. Bf1 Bc1 31. a4 Nb4 32. Bc4 Kf7 33. f4 Nc2 34. Bc3 Nb4 35. f5 gxf5 36. exf5 Be3 37. Bxe6+ Kf8 38. Bc8 Bxc5 39. Bxb7 Bb6 40. Kh3 Nd5 41. Bd2 c5 42. Bxd5 Kg7 43. Bc4 Bc7 44.
g4 Bxe5 45. Bxa5 hxg4+ 46. Kxg4 Kf6 47. Bb6 Bd4 48. a5 1-0

[Event "*** SCC Grand Prix: Titled Tuesday Blitz"]
[Site "Chess.com"]
[Date "2020.08.11"]
[Round "6"]
[White "Bastiandash"]
[Black "Juanovic"]
[Result "0-1"]
[WhiteElo "2274"]
[BlackElo "2079"]
[TimeControl "180+1"]
[EndTime "11:07:42 PDT"]
[Termination "Juanovic won by checkmate"]

1. d4 d5 2. Nf3 Nf6 3. Bg5 Nbd7 4. Nbd2 g6 5. e3 Bg7 6. Bd3 h6 7. Bh4 c6 8. O-O Qb6 9. Rb1 a5 10. Qe2 a4 11. c4 O-O 12. e4 dxc4 13. Nxc4 Qc7 14.
Rfe1 e6 15. Bg3 Qd8 16. Bd6 Re8 17. Ba3 Bf8 18. Nd6 Bxd6 19. Bxd6 Nf8 20. Bb4 b6 21. Rbd1 N6d7 22. Bc3 Qe7 23. Qd2 Kh7 24. d5 Bb7 25.
Qf4 e5 26. Qg3 f6 27. Nh4 Nc5 28. Bb1 Rad8 29. f4 cxd5 30. exd5 e4 31. Bb4 f5 32.
Bc3 Rxd5 33. Rc1 Nd3 34. Bxd3 Rxd3 35. Qf2 e3 36. Qe2 Rxc3 37. Rxc3 Qxh4 38. Rd1 Re7 39. Rcd3 Qxf4 40. Rd8 Ne6 41. R8d7 Qg5 42. R7d3 Nc5 43. Qxe3 Qxe3+ 44. Rxe3 Rxe3 45. Kf2 Re7 46. Rd2 Ne4+ 47. Ke1 Nxd2+ 48. Kd1 Ne4 49. b4 axb3 50. axb3 Rd7+ 51. Kc2 Rd2+ 52. Kc1 Rxg2 53. h4 f4 54. h5 f3 55. b4 f2 56. b5 f1=Q# 0-1